 Dungeon Crawl Stone Soup version 0.20-a0-2-g2b0e13a (webtiles) character file.

2131 JeffiDaFish the Fighter (level 9, 0/61 HPs)
             Began as a Gargoyle Fighter on Oct 29, 2016.
             Was a Follower of Makhleb.
             Slain by a hill giant
             ... wielding a +0 giant club
              (33 damage)
             ... on level 8 of the Dungeon.
             The game lasted 00:13:35 (5384 turns).

JeffiDaFish the Fighter (Gargoyle Fighter)          Turns: 5384, Time: 00:13:36

Health: 0/61       AC: 17    Str: 24    XL:     9   Next: 30%
Magic:  9/9        EV:  4    Int:  8    God:    Makhleb [*.....]
Gold:   320        SH:  9    Dex:  9    Spells: 1 memorised, 6 levels left

rFire  . . .     SeeInvis .     a - +2 flail
rCold  . . .     Gourm    .     t - +0 plate armour (curse)
rNeg   + . .     Faith    .     c - +0 shield
rPois  ∞         Spirit   .     (no helmet)
rElec  +         Reflect  .     (no cloak)
rCorr  .         Harm     .     (no gloves)
MR     .....                    (no boots)
Stlth  ..........               (no amulet)
                                (no ring)
                                e - ring of wizardry

@: no status effects
A: negative energy resistance 1, electricity resistance, unbreathing,
petrification resistance, rot immunity, AC +5
a: Renounce Religion


You were on level 8 of the Dungeon.
You worshipped Makhleb.
Makhleb was aware of your devotion.
You were not hungry.

You visited 2 branches of the dungeon, and saw 9 of its levels.

You collected 320 gold pieces.

Inventory:

Hand Weapons
 a - a +2 flail (weapon)
 w - a cursed +0 dire flail
Armour
 b - a +0 scale mail
 c - a +0 shield (worn)
 t - a cursed +0 plate armour (worn)
Rods
 m - a -2 rod of ignition (15/15)
   (You took it off a kobold on level 3 of the Dungeon)
Jewellery
 e - a ring of wizardry (left hand)
 n - an uncursed ring of fire
 o - an uncursed amulet of harm
Scrolls
 g - 5 scrolls of identify
 j - 2 scrolls of recharging
 p - a scroll of fear
 q - a scroll of fog
 r - 7 scrolls of teleportation
Potions
 d - 2 potions of might
 h - a potion of ambrosia
 i - a potion of brilliance
 k - a potion of magic
Books
 u - a book of Minor Magic

   Spells                             Type                      Level
   a - Magic Dart                     Conjuration                  1
   b - Blink                          Translocation                2
   c - Call Imp                       Summoning                    2
   d - Repel Missiles                 Charms/Air                   2
   e - Slow                           Hexes                        2
   f - Conjure Flame                  Conjuration/Fire             3
   g - Mephitic Cloud                 Conjuration/Poison/Air       3
Comestibles
 f - 2 bread rations
 l - a beef jerky
 v - 2 meat rations


   Skills:
 - Level 9.4 Fighting
 + Level 8.8 Maces & Flails
 - Level 3.7 Armour
 - Level 3.9 Shields


You had 6 spell levels left.
You knew the following spells:

 Your Spells              Type           Power        Failure   Level  Hunger
a - Blink                 Tloc           N/A          100%        2    ###....


Dungeon Overview and Level Annotations

Branches:
Dungeon (8/15)             Temple (1/1) D:5
   Lair: D:8-11

Altars:
Ashenzari
Cheibriados
Dithmenos
Elyvilon
Fedhas
Hepliaklqana
Kikubaaqudgha
Makhleb
Nemelex Xobeh
Qazlal
Ru
Trog
Xom
Yredelemnul
The Shining One


Innate Abilities, Weirdness & Mutations

You are resistant to torment.
Your stone body is resilient. (AC +5)
You are immune to poison.
You resist negative energy. (rN+)
You are resistant to electric shocks. (rElec)
You can survive without breathing.
You are immune to petrification.
You are immune to rotting.


Message History

The crimson imp hits you but does no damage.
You hit the hill giant.
The hill giant is moderately wounded.
The hill giant hits you with a giant club!!
The crimson imp laughs crazily.
The crimson imp blinks!
You sock the hill giant!
The hill giant is heavily wounded.
The crimson imp blinks!
The hill giant hits you with a giant club!
You sock the hill giant!
The hill giant is severely wounded.
You hit the hill giant.
The hill giant is severely wounded.
The hill giant barely misses you.
You hit the hill giant but do no damage.
The hill giant is severely wounded.
The hill giant hits you with a giant club!!
Ouch! That really hurt!
You die...

#.......
#......# .
#......#..
##........5
#.......... ####
##.........#
#...##....C....#
#........@....#
#....<.......##
#...........##
#..........##
#..........#
#..........#
#............
.......$...#...
.#........#####


You could see a hill giant and a crimson imp.

Vanquished Creatures
  2 sky beasts
  A phantom (D:5)
  2 black bears
  An ogre (D:7)
  2 ice beasts
  A centaur (D:5)
  2 bullfrogs
  A gnoll sergeant (D:5)
  An elf skeleton (D:4)
  5 wights
  An electric eel (D:7)
  3 howler monkeys
  2 crimson imps (D:6)
  A bullfrog zombie (D:6)
  A human zombie (D:4)
  An orc priest (D:5)
  2 centaur skeletons
  2 human skeletons (D:4)
  2 orc wizards
  A bullfrog skeleton (D:3)
  An iguana (D:4)
  A worker ant (D:5)
  3 hound zombies
  A hound skeleton (D:5)
  A howler monkey zombie (D:6)
  8 adders
  7 gnolls (D:5)
  A howler monkey skeleton (D:7)
  An adder skeleton (D:6)
  4 worms
  2 dart slugs
  A leopard gecko (D:7)
  19 orcs
  2 bats
  5 giant cockroaches
  7 goblins
  11 hobgoblins
  2 jackals (D:3)
  A quokka (D:2)
  2 ball pythons
  3 frilled lizards
  9 kobolds
  2 orc skeletons (D:4)
  5 rats
133 creatures vanquished.

Notes
Turn   | Place    | Note
-------+----------+-------------------------------------------
     0 | D:1      | JeffiDaFish the Gargoyle Fighter began the quest for the Orb.
     0 | D:1      | Reached XP level 1. HP: 14/14 MP: 1/1
    50 | D:1      | Reached XP level 2. HP: 17/19 MP: 2/2
   450 | D:2      | Reached XP level 3. HP: 21/24 MP: 3/3
   760 | D:2      | Reached XP level 4. HP: 29/29 MP: 4/4
   832 | D:2      | Reached skill level 4 in Fighting
  1348 | D:3      | Found a shadowy altar of Dithmenos.
  1473 | D:3      | Reached XP level 5. HP: 34/34 MP: 5/5
  1527 | D:3      | Reached skill level 5 in Fighting
  2479 | D:4      | Reached skill level 6 in Fighting
  2479 | D:4      | Reached XP level 6. HP: 39/41 MP: 6/6
  2616 | D:4      | Reached skill level 7 in Fighting
  2729 | D:5      | Entered Level 5 of the Dungeon
  2769 | D:5      | Reached XP level 7. HP: 29/48 MP: 7/7
  2995 | D:5      | Reached skill level 8 in Fighting
  3239 | D:5      | Reached skill level 9 in Fighting
  3380 | D:5      | Reached XP level 8. HP: 52/56 MP: 8/8
  3394 | D:5      | Found a staircase to the Ecumenical Temple.
  3583 | Temple   | Entered the Ecumenical Temple
  3616 | Temple   | Became a worshipper of Makhleb the Destroyer
  4188 | D:6      | Reached skill level 5 in Maces & Flails
  4298 | D:6      | Found a stormy altar of Qazlal.
  4298 | D:6      | Found a basalt altar of Yredelemnul.
  4300 | D:6      | Found a shimmering altar of Xom.
  4596 | D:7      | Learned a level 2 spell: Blink
  4759 | D:7      | Reached XP level 9. HP: 61/61 MP: 9/9
  4796 | D:7      | Reached * piety under Makhleb
  5373 | D:8      | Noticed a hill giant
  5384 | D:8      | Slain by a hill giant

Vault maps used:
D:1:      lightli_molten_gateway, minmay_misc_feat_doors
D:3:      first_bread, nicolae_dithmenos_through_a_glass_darkly
D:4:      nicolae_ossuary_entry_catacombs
D:5:      hangedman_decor_push
D:6:      minitemple
D:7:      nicolae_lava_and_water, st_stairs_1
Temple:   compressed_dpeg_circular_temple

Skill      XL: |  1  2  3  4  5  6  7  8  9 |
---------------+----------------------------+-----
Fighting       | 4 6 7 9 |  9.4
Maces & Flails | 7 8 |  8.8
Armour         | |  3.7
Shields        | |  3.9

Action                   |  1- 3 |  4- 6 |  7- 9 || total
-------------------------+-------+-------+-------++-------
Melee: Flail             |   108 |   245 |   329 ||   682
  Use: Scroll            |     4 |     5 |     4 ||    13
       Potion            |     3 |     1 |     2 ||     6
  Eat: Chunk             |       |     5 |     2 ||     7
       Bread ration      |       |     1 |     1 ||     2
Armor: Scale mail        |    48 |   111 |   120 ||   279
       Plate armour      |       |       |    84 ||    84
Dodge: Dodged            |    32 |    67 |    93 ||   192
Block: Shield            |    51 |   147 |   155 ||   353
